 Dungeon Crawl Stone Soup version 0.22-a0-596-gfbd32a6 (webtiles) character file.

1047 Azzok the Fighter (level 8, -2/82 HPs)
             Began as a Minotaur Berserker on July 5, 2018.
             Was an Elder of Trog.
             Slain by Wingboner's ghost (4 damage)
             ... on level 4 of the Dungeon.
             The game lasted 00:06:10 (2797 turns).

Azzok the Fighter (Minotaur Berserker)              Turns: 2797, Time: 00:06:11

Health: -2/82      AC: 13    Str: 24    XL:     8   Next: 5%
Magic:  7/7        EV:  7    Int:  4    God:    Trog [****..]
Gold:   181        SH:  0    Dex: 10    Spells: 7/7 levels left

rFire    . . .     SeeInvis .   a - +0 falchion
rCold    . . .     Gourm    .   (no shield)
rNeg     . . .     Faith    .   l - +0 plate armour
rPois    .         Spirit   .   (helmet restricted)
rElec    .         Reflect  .   o - +0 cloak
rCorr    .         Harm     .   r - +0 pair of gloves
MR       .....                  (no boots)
Stlth    ..........             (no amulet)
HPRegen  0.23/turn              (no ring)
MPRegen  0.10/turn              (no ring)

@: berserk cooldown, hasted and slowed
A: retaliatory headbutt, horns 2
a: Berserk, Trog's Hand, Brothers in Arms, Renounce Religion


You were on level 4 of the Dungeon.
You worshipped Trog.
Trog was greatly pleased with you.
You were very hungry.

You visited 1 branch of the dungeon, and saw 4 of its levels.

You collected 181 gold pieces.

Inventory:

Hand Weapons
 a - a +0 falchion (weapon)
 d - a +2 short sword of venom
 m - the cursed +3 trident "Yphuar" {pierce, rElec rF- Dex+5 SInv}
   (You found it on level 4 of the Dungeon)

   It inflicts extra damage upon your enemies.
   It affects your dexterity (+5).
   It makes you vulnerable to fire.
   It insulates you from electricity.
   It lets you see invisible.
   It has a curse placed upon it.
Missiles
 g - 32 arrows
Armour
 l - a +0 plate armour (worn)
 o - a +0 cloak (worn)
 r - a +0 pair of gloves (worn)
Scrolls
 b - a scroll of remove curse {unknown}
 j - 2 scrolls of identify
 n - 2 scrolls of random uselessness {unknown}
 s - a scroll of immolation {unknown}
 t - a scroll of blinking {unknown}
Potions
 f - 3 potions of magic
 h - a potion of curing {unknown}
 i - a potion of might {unknown}
 k - 2 potions of lignification {unknown}
 p - a potion of cancellation {unknown}
 q - a potion of heal wounds {unknown}
Comestibles
 c - 10 rations
 u - a chunk of flesh


   Skills:
 + Level 11.5 Fighting
 - Level 3.6 Long Blades
 - Level 2.4 Armour
 - Level 2.1 Dodging


You had 7 spell levels left.
You didn't know any spells.
Your spell library was empty.

Dungeon Overview and Level Annotations

Branches:
Dungeon (4/15)             Temple (0/1) D:4

Altars:

Annotations:
D:4 Wingboner's ghost, amateur DENe


Innate Abilities, Weirdness & Mutations

You reflexively headbutt those who attack you in melee.
You have a pair of horns on your head.


Message History

Your plate armour prevents you from hitting sking99's ghost.
Sking99's ghost is almost destroyed.
Sking99's ghost hits you but does no damage.
You hit sking99's ghost but do no damage.
Sking99's ghost is almost destroyed.
Sking99's ghost hits you!
* * * LOW HITPOINT WARNING * * *
You hit sking99's ghost but do no damage.
You destroy sking99's ghost!
Trog accepts your kill.
Your Fighting skill increases to level 11!
You have reached level 8!
You feel stronger.
Wingboner's ghost completely misses you.
It was a potion of magic.
Magic courses through your body. Wingboner's ghost closely misses you.
You furiously retaliate!
You headbutt Wingboner's ghost. Wingboner's ghost barely misses you.
It was a potion of haste.
You feel yourself speed up. Wingboner's ghost hits you.
You die...

······)▒ ▒▒··▒
▒▒▒▒▒▒▒▒▒▒·
·······▒
▒▒····[▒▒▒▒ ▒····
·······▒▒▒8·····8▒▒
▒····
··[····▒▒?·······[▒
▒····
·······▒▒P·······P▒
▒····
········▒⌠·······⌠▒
▒····
········▒········P▒
▒····
▒▒▒▒▒▒··▒▒▒▒'''▒▒▒
▒···· ▒·········W@▒
▒)··· ▒········▒▒▒▒
▒▒··· ▒········▒
▒··· ▒········▒
▒··· ▒········▒
▒··[ ▒▒·>··▒▒▒▒
▒··· ▒···▒▒ ▒▒▒▒
▒▒▒▒▒ ▒▒▒▒ ▒···


You could see Wingboner's ghost.

Vanquished Creatures
  The ghost of chorionicmirror the Charmwright, a novice GnSk of Okawaru (D:4)
  The ghost of sking99 the Cleaver, an amateur HOFi of Xom (D:4)
  An ogre (D:4)
  A bullfrog skeleton (D:2)
  Terence (D:2)
  2 orc wizards (D:3)
  A worker ant (D:4)
  A hound skeleton (D:2)
  Robin (D:2)
  4 adders
  An ooze (D:3)
  An adder zombie (D:2)
  3 worms
  3 dart slugs
  6 leopard geckos
  9 orcs (D:3)
  A ball python (D:4)
  7 bats
  6 giant cockroaches
  11 goblins
  7 hobgoblins
  9 jackals
  A quokka (D:2)
  5 frilled lizards
  10 kobolds
  9 rats
103 creatures vanquished.

Vanquished Creatures (others)
  A withered plant (D:4)
1 creature vanquished.

Grand Total: 104 creatures vanquished

Notes
Turn   | Place    | Note
-------+----------+-------------------------------------------
     0 | D:1      | Azzok the Minotaur Berserker began the quest for the Orb.
     0 | D:1      | Reached XP level 1. HP: 19/19 MP: 0/0
    30 | D:1      | Reached skill level 4 in Fighting
   157 | D:1      | Reached XP level 2. HP: 27/28 MP: 1/1
   415 | D:1      | Reached skill level 5 in Fighting
   523 | D:1      | Reached ** piety under Trog
   905 | D:2      | Reached XP level 3. HP: 36/36 MP: 2/2
   912 | D:2      | Noticed Robin
   923 | D:2      | Killed Robin
   923 | D:2      | Reached skill level 6 in Fighting
   923 | D:2      | Reached XP level 4. HP: 26/44 MP: 3/3
  1189 | D:2      | Noticed Terence
  1197 | D:2      | Killed Terence
  1354 | D:2      | Reached skill level 7 in Fighting
  1354 | D:2      | Reached XP level 5. HP: 47/52 MP: 4/4
  1727 | D:3      | Reached *** piety under Trog
  1934 | D:3      | Reached skill level 8 in Fighting
  2003 | D:3      | Found a faded altar of an unknown god.
  2055 | D:3      | Reached XP level 6. HP: 61/61 MP: 5/5
  2136 | D:3      | Reached **** piety under Trog
  2397 | D:4      | Reached skill level 9 in Fighting
  2403 | D:4      | Got a warped trident
  2404 | D:4      | Identified the cursed +3 trident "Yphuar" {pierce, rElec rF- Dex+5 SInv} (You found it on level 4 of the Dungeon)
  2407 | D:4      | Found a staircase to the Ecumenical Temple.
  2561 | D:4      | Found a runed gate.
  2561 | D:4      | Found a runed gate.
  2561 | D:4      | Found a runed gate.
  2562 | D:4      | Noticed sking99's ghost (amateur HOFi)
  2563 | D:4      | Noticed chorionicmirror's ghost (novice GnSk)
  2563 | D:4      | Noticed Wingboner's ghost (amateur DENe)
  2778 | D:4      | Killed chorionicmirror's ghost
  2778 | D:4      | Reached skill level 10 in Fighting
  2778 | D:4      | Reached XP level 7. HP: 73/73 MP: 6/6
  2794 | D:4      | HP: 1/73 [sking99's ghost (8)]
  2795 | D:4      | Killed sking99's ghost
  2795 | D:4      | Reached skill level 11 in Fighting
  2795 | D:4      | Reached XP level 8. HP: 1/82 MP: 7/7
  2797 | D:4      | Slain by Wingboner's ghost

Vault maps used:
D:1:      dpeg_arrival_round_b, lexackson_kobold_supper
D:2:      first_ration, minmay_liquid_box, kennysheep_decorative_pillar,
          uniq_terence, uniq_robin
D:3:      chequers_ecumenical_altar_simple_redux, grunt_ministairs_5
D:4:      minmay_temple_entry_butterflies, gammafunk_ghost_cemetery

Skill      XL: |  1  2  3  4  5  6  7 |
---------------+----------------------+-----
Fighting       | 4 5 6 7 8 10 11 | 11.5
Long Blades    | |  3.6
Armour         | |  2.4
Dodging        | |  2.1

Action                   |  1- 3 |  4- 6 |  7- 9 || total
-------------------------+-------+-------+-------++-------
Melee: Falchion          |    46 |    14 |    17 ||    77
       Headbutt          |     4 |    37 |     5 ||    46
       Short sword       |       |   167 |       ||   167
Invok: Berserk           |     1 |     1 |       ||     2
  Use: Scroll            |       |     1 |       ||     1
       Potion            |       |       |     2 ||     2
  Eat: Chunk             |       |     7 |       ||     7
Armor: Animal skin       |     7 |       |       ||     7
       Plate armour      |       |   105 |     8 ||   113
Dodge: Dodged            |    29 |    73 |     8 ||   110
       Rpst.: Falchion   |    11 |     1 |     4 ||    16

Table legend:
 A = Spawn XP
 B = Non-spawn XP
 C = Spawn XP percentage of total XP
 D = Spawn monster count
 E = Non-spawn monster count
 F = Spawn count percentage of total count
 G = Total turns spent on level
                    A         B        C        D         E        F      G
               +---------+---------+-------+---------+---------+-------+---------
         Total |       0 |    1497 |   0.0 |       0 |     103 |   0.0 |  2797
               +---------+---------+-------+---------+---------+-------+---------
           D:1 |       0 |      39 |   0.0 |       0 |      22 |   0.0 |   889
           D:2 |       0 |     201 |   0.0 |       0 |      38 |   0.0 |   798
           D:3 |       0 |     175 |   0.0 |       0 |      33 |   0.0 |   554
           D:4 |       0 |    1082 |   0.0 |       0 |      10 |   0.0 |   556
               +---------+---------+-------+---------+---------+-------+---------
